Map: Disco Bloodbath LE

Players

thermostaat (uThermal) - Winner!

  • Race: Terran Terran
  • Spawn Location: 9:00

Wanderer

  • Race: Terran Terran
  • Spawn Location: 3:00

Event: NationWars 2019

VOD

Have the link to the VOD?

Description

Time

  • Played on: Sept. 30, 2019, 12:01 p.m.
  • Length: 12:05
Show
View Real Time Build Order
Export as new Build Order

thermostaat Terran - Winner!

Build Orders: 1/1/1, Liberator Opening 

Get SALT Encoding   

  12  0:01  SCV  
  13  0:13  SCV  
  14  0:17  Supply Depot  
  14  0:25  SCV  
  14  0:28  Refinery  
  15  0:38  SCV  
  16  0:44  Barracks  
  16  0:50  SCV  
  17  0:59  Refinery  
  17  1:03  SCV  
  18  1:15  SCV  
  19  1:31  Orbital Command, Reaper  
  20  1:35  Factory  
  20  1:42  Supply Depot  
  20  1:56  SCV  
  21  2:03  Reaper  
  22  2:08  SCV  
  23  2:19  Hellion  
  23  2:20  Starport  
  23  2:21  SCV  
  26  2:24  Supply Depot  
  26  2:33  SCV  
  26  2:35  Reaper  
  28  2:40  Hellion  
  28  2:42  Liberator  
  30  2:54  Supply Depot  
  30  3:02  Hellion  
  35  3:09  Reaper  
  36  3:20  Command Center  
  36  3:23  Hellion  
  36  3:25  SCV  
  39  3:37  SCV  
  40  3:43  Refinery  
  40  3:44  Starport Tech Lab  
  40  3:47  Factory Tech Lab, Barracks Reactor  
  40  3:49  SCV  
  41  3:56  Supply Depot  
  41  4:01  SCV  
  42  4:04  Raven  
  44  4:14  SCV  
  45  4:23  Marine x2  
  43  4:30  SCV  
  44  4:33  Siege Tank  
  44  4:38  Orbital Command  
  45  4:41  Marine  
  45  4:42  SCV  
  41  4:46  Marine  
  42  4:54  Raven  
  42  4:56  SCV  
  42  4:58  Marine  
  46  5:03  Marine  
  46  5:05  SCV  
  48  5:08  SCV  
  48  5:10  Siege Tank  
  52  5:17  SCV, Marine  
  52  5:20  SCV  
  55  5:21  Marine  
  55  5:26  Command Center  
  56  5:29  SCV  
  56  5:32  SCV, Refinery  
  58  5:36  Supply Depot  
  58  5:41  SCV  
  58  5:42  Siege Tank  
  62  5:44  SCV  
  63  5:50  Viking x2  
  63  5:53  SCV  
  63  5:56  SCV, Supply Depot  
  69  5:59  Marine  
  69  6:00  Stimpack  
  70  6:05  SCV  
  70  6:08  SCV  
  72  6:14  Siege Tank, Supply Depot  
  72  6:17  SCV  
  76  6:20  Viking  
  76  6:23  Viking  
  80  6:25  SCV  
  80  6:29  SCV  
  80  6:32  Supply Depot, Marine  
  83  6:38  SCV  
  83  6:41  SCV  
  83  6:46  Siege Tank  
  87  6:50  SCV, Viking, Marine  
  87  6:53  Viking  
  87  6:54  SCV  
  94  7:03  Engineering Bay, SCV  
  94  7:04  Engineering Bay  
  94  7:07  Orbital Command, Marine  
  96  7:12  SCV  
  97  7:16  SCV  
  97  7:18  Siege Tank  
  97  7:20  Viking  
  103  7:23  Viking  
  103  7:24  SCV  
  103  7:27  Supply Depot  
  106  7:30  Terran Infantry Weapons Level 1  
  106  7:31  Terran Infantry Armor Level 1  
  106  7:33  SCV  
  106  7:35  SCV  
  108  7:37  SCV  
  109  7:45  SCV  
  109  7:47  SCV  
  109  7:49  SCV  
  109  7:50  Siege Tank  
  115  7:52  Refinery  
  115  7:53  Refinery, Marine  
  115  7:55  Supply Depot  
  115  7:57  SCV  
  117  7:59  SCV, Viking  
  117  8:00  Viking  
  117  8:01  SCV  
  121  8:06  Supply Depot  
  121  8:10  SCV  
  121  8:11  SCV  
  123  8:13  SCV  
  123  8:19  Supply Depot  
  123  8:21  Combat Shield, Marauder  
  123  8:22  Barracks, SCV  
  123  8:23  Barracks  
  126  8:30  SCV  
  126  8:31  Viking  
  131  8:36  Liberator  
  131  8:37  SCV  
  131  8:38  Siege Tank  
  131  8:40  SCV  
  136  8:44  Liberator  
  136  8:47  SCV  
  136  8:56  SCV, Marine  
  136  8:57  Supply Depot, Command Center  
  141  9:03  SCV  
  141  9:11  Siege Tank  
  141  9:13  Barracks Reactor, Barracks Tech Lab  
  141  9:14  Marine  
  145  9:17  Barracks x2  
  145  9:19  Liberator  
  145  9:22  SCV  
  146  9:27  Liberator  
  146  9:31  SCV  
  145  9:32  Marine  
  145  9:37  Marine  
  150  9:39  Supply Depot  
  150  9:40  Orbital Command  
  153  9:47  Siege Tank  
  153  9:50  Marine  
  157  10:06  Marine  
  158  10:09  Marine  
  158  10:11  Armory  
  153  10:14  Marine  
  153  10:19  Siege Tank  
  153  10:21  Viking  
  150  10:25  Marine  
  150  10:27  Viking  
  153  10:30  Marine  
  153  10:31  Marine x3  
  153  10:34  Supply Depot  
  156  10:43  Marine  
  156  10:48  Marine x2  
  160  10:51  Siege Tank, Viking, Refinery, Barracks Tech Lab  
  160  10:52  Barracks Reactor  
  160  10:53  SCV  
  160  10:54  SCV x2  
  160  10:56  Command Center  
  166  11:05  Marine  
  166  11:08  Marine  
  161  11:14  Marine  
  161  11:15  Marine  
  161  11:17  Viking  
  161  11:18  Marine  
  144  11:21  Viking  
  144  11:22  Marine  
  140  11:23  Siege Tank  
  140  11:25  Marine  
  140  11:32  Marine  
Show
View Real Time Build Order
Export as new Build Order

Wanderer Terran 

Build Orders: Mech 

Get SALT Encoding   

  12  0:00  SCV  
  13  0:12  SCV  
  14  0:17  Supply Depot  
  14  0:24  SCV  
  14  0:28  Refinery  
  15  0:39  SCV  
  16  0:44  Barracks  
  16  0:51  SCV  
  16  0:54  Refinery  
  17  1:03  SCV  
  18  1:15  SCV  
  19  1:30  Orbital Command  
  19  1:31  Reaper  
  20  1:35  Factory  
  20  1:41  Supply Depot  
  20  1:56  SCV  
  21  2:03  Reaper  
  21  2:08  SCV  
  23  2:20  SCV, Hellion  
  26  2:26  Command Center  
  26  2:32  SCV  
  26  2:35  Supply Depot  
  27  2:37  Reaper  
  27  2:41  Hellion  
  30  2:46  SCV  
  31  2:53  Starport  
  31  2:59  SCV  
  31  3:03  Factory Tech Lab  
  32  3:11  SCV  
  33  3:13  Barracks Tech Lab  
  33  3:18  Refinery  
  33  3:22  Cyclone  
  33  3:23  SCV  
  37  3:37  SCV, Refinery  
  37  3:38  Raven  
  40  3:46  Orbital Command  
  40  3:49  SCV  
  41  3:58  Siege Tank  
  41  4:01  SCV  
  45  4:06  Supply Depot  
  45  4:13  SCV  
  41  4:20  SCV  
  38  4:25  SCV  
  39  4:32  SCV  
  39  4:37  SCV  
  38  4:44  SCV  
  36  4:49  SCV  
  36  4:50  Barracks Reactor  
  37  4:56  SCV  
  37  4:59  Raven  
  40  5:01  SCV  
  41  5:08  SCV  
  41  5:09  Siege Tank  
  41  5:13  SCV  
  46  5:21  SCV  
  47  5:26  SCV  
  48  5:33  SCV  
  49  5:38  SCV  
  49  5:40  Barracks Reactor, Factory  
  50  5:45  SCV  
  51  5:50  SCV, Viking x2  
  51  5:51  Siege Tank  
  59  5:57  SCV  
  59  6:00  Factory  
  59  6:02  SCV  
  61  6:09  SCV, Supply Depot  
  62  6:12  Supply Depot  
  62  6:21  Viking x2  
  68  6:27  Siege Tank  
  68  6:28  SCV  
  68  6:31  SCV  
  68  6:32  Supply Depot  
  71  6:34  Supply Depot  
  73  6:40  SCV, Hellion x2  
  73  6:44  Siege Tank  
  73  6:46  SCV  
  80  6:53  SCV  
  81  6:54  Viking  
  81  6:55  Supply Depot, Viking  
  81  6:56  Supply Depot  
  81  6:58  SCV  
  86  7:01  Siege Tank  
  86  7:03  Hellion x2  
  86  7:05  SCV  
  94  7:18  Supply Depot  
  94  7:20  SCV  
  95  7:24  Hellion x2  
  95  7:26  Siege Tank  
  95  7:27  Viking x2  
  104  7:40  Supply Depot  
  104  7:41  Siege Tank  
  107  7:52  Hellion x2  
  111  7:59  Siege Tank, Viking  
  111  8:02  SCV  
  111  8:04  Supply Depot  
  117  8:07  SCV  
  118  8:13  Hellion  
  118  8:14  SCV  
  118  8:19  SCV  
  122  8:31  Siege Tank  
  121  8:34  Siege Tank, Hellion  
  121  8:35  SCV  
  121  8:39  Hellion  
  127  8:42  SCV  
  124  8:50  Command Center  
  124  8:54  Viking x2  
  120  8:59  Hellion  
  120  9:03  Siege Tank  
  121  9:12  SCV x2  
  121  9:13  Siege Tank, Hellion  
  128  9:32  Hellion  
  128  9:35  SCV x2, Siege Tank  
  135  9:42  Barracks  
  135  9:43  Armory  
  135  9:44  Viking x2, Hellion  
  141  9:46  Refinery  
  141  9:48  Refinery  
  139  10:01  SCV x2  
  139  10:02  Starport  
  118  10:25  Hellion x2  
  112  10:28  Cyclone  
  112  10:30  Cyclone, Viking x2  
  112  10:33  SCV x2  
  115  10:36  Orbital Command  
  111  10:44  Starport Reactor  
  111  10:45  SCV  
  111  10:46  Hellion  
  109  10:51  SCV  
  109  10:52  Supply Depot  
  109  10:55  Engineering Bay  
  110  10:57  SCV  
  110  11:00  Viking  
  110  11:01  Viking  
Tags
 
Add a new tag
Caveats
  • Supply blocks, unpowered buildings, or Contaminate may cause inaccurate times.
  • Supply counts are checked every 10 seconds.